Map: Frostline LE

Players

StonedJeezus

  • Race: Zerg Zerg
  • League: Master
  • Spawn Location: 1:00

A.I. 1 (Very Hard) - Winner!

  • Race: Terran Terran
  • Spawn Location: 7:00

VOD

Have the link to the VOD?

Description

Time

  • Played on: Jan. 28, 2025, 11:48 p.m.
  • Length: 16:25
Show
View Real Time Build Order
Export as new Build Order

StonedJeezus Zerg 

Build Orders: 3 Hatch before Pool 

Get SALT Encoding   

  12  0:01  Drone  
  13  0:08  Drone  
  14  0:17  Overlord  
  14  0:37  Drone x3  
  17  0:51  Drone  
  18  1:01  Hatchery  
  17  1:27  Hatchery  
  17  1:32  Spawning Pool  
  15  1:35  Drone  
  16  1:43  Extractor, Drone  
  16  1:44  Drone  
  17  2:02  Overlord  
  17  2:06  Drone  
  17  2:08  Drone  
  19  2:27  Extractor  
  18  2:34  Zergling x4  
  20  2:45  Queen  
  20  2:46  Drone  
  20  2:48  Queen, Drone  
  20  2:49  Drone  
  20  2:50  Drone  
  28  2:59  Drone  
  28  3:01  Drone x2  
  31  3:06  Metabolic Boost  
  31  3:13  Baneling Nest  
  30  3:20  Queen  
  32  3:33  Drone  
  32  3:34  Drone x2  
  35  3:37  Drone x3  
  38  3:49  Queen  
  38  3:52  Queen  
  41  4:07  Overlord  
  41  4:08  Overlord  
  41  4:13  Overlord x2  
  41  4:15  Overlord  
  41  4:17  Overlord  
  41  4:23  Overlord  
  41  4:25  Overlord  
  41  4:37  Zergling x8  
  45  4:38  Zergling x2  
  45  4:39  Zergling x4  
  45  4:43  Zergling x2  
  45  4:44  Zergling x2  
  50  4:50  Zergling x6  
  50  4:52  Zergling x2  
  54  5:03  Zergling x8  
  54  5:04  Zergling x2  
  59  5:13  Lair  
  59  5:16  Drone  
  59  5:17  Drone  
  59  5:19  Drone  
  62  5:34  Drone  
  62  5:35  Drone x6  
  68  5:40  Zergling x8  
  73  5:44  Zergling x4  
  75  5:55  Zergling x2  
  76  5:57  Zergling x4  
  76  5:58  Zergling x6  
  81  6:08  Baneling  
  81  6:09  Baneling x7  
  81  6:10  Baneling x7  
  81  6:14  Baneling  
  81  6:15  Baneling x7  
  81  6:16  Baneling x5  
  81  6:17  Baneling x2  
  81  6:50  Zergling x12  
  87  6:54  Centrifugal Hooks  
  87  7:05  Drone x5  
  87  7:06  Drone x4  
  87  7:08  Extractor  
  95  7:10  Extractor  
  95  7:11  Extractor  
  95  7:12  Extractor  
  92  7:21  Overlord  
  92  7:22  Overlord  
  92  7:31  Drone x3  
  92  7:32  Drone x3  
  97  7:57  Drone x7  
  97  7:58  Drone x2  
  106  8:15  Evolution Chamber x2  
  103  8:21  Spire  
  103  8:22  Hydralisk Den  
  101  8:48  Drone x7  
  106  8:49  Drone  
  106  8:50  Spine Crawler x3  
  106  8:53  Spine Crawler  
  105  8:57  Spine Crawler, Drone x4  
  105  8:58  Spine Crawler x2  
  105  8:59  Spine Crawler  
  105  9:00  Drone x4  
  109  9:03  Drone x4  
  109  9:05  Muscular Augments  
  109  9:07  Zerg Missile Weapons Level 1, Zerg Ground Armor Level 1  
  113  9:39  Zerg Flyer Weapons Level 1  
  113  9:40  Mutalisk x4  
  113  9:42  Overlord x2  
  113  9:43  Overlord x4  
  113  9:45  Overseer x3  
  120  10:09  Grooved Spines  
  120  10:10  Infestation Pit  
  119  10:27  Roach Warren  
  117  11:02  Hatchery  
  117  11:04  Zerg Ground Armor Level 2, Zerg Missile Weapons Level 2  
  116  11:08  Glial Reconstitution  
  116  11:12  Burrow  
  116  11:14  Hive  
  116  11:17  Mutalisk  
  116  11:18  Mutalisk x3  
  124  11:44  Mutalisk  
  124  11:45  Mutalisk x3  
  132  12:05  Hatchery  
  129  12:33  Corruptor  
  129  12:34  Corruptor x6  
  129  12:35  Corruptor x2  
  146  12:55  Greater Spire  
  146  13:01  Drone x3  
  146  13:02  Extractor  
  146  13:05  Extractor  
  147  13:18  Extractor  
  146  13:22  Extractor  
  101  13:38  Mutalisk x2  
  101  13:39  Mutalisk x6  
  101  13:40  Mutalisk  
  101  13:41  Zergling x10  
  104  13:42  Zergling x4  
  104  13:43  Zergling x12  
  104  13:44  Zergling x14  
  104  13:45  Zergling x12  
  122  13:56  Roach  
  122  13:58  Roach  
  122  13:59  Roach x2  
  105  14:11  Brood Lord x2  
  105  14:14  Zergling x2  
  105  14:15  Zergling x10  
  107  14:18  Roach  
  107  14:19  Roach x2  
  107  14:23  Roach x2  
  117  14:30  Roach x2  
  121  14:37  Zergling x2  
  122  14:40  Roach x3  
  128  14:53  Roach  
  128  14:54  Roach  
  128  14:55  Roach x3  
  68  15:23  Roach x4  
  68  15:24  Roach  
  68  15:26  Roach x5  
  68  15:27  Roach  
  82  15:30  Roach x3  
  82  15:35  Roach  
  90  15:42  Roach  
  73  15:57  Roach  
  73  15:58  Roach x2  
Show
View Real Time Build Order
Export as new Build Order

A.I. 1 (Very Hard) Terran - Winner!

Build Orders:  

Get SALT Encoding   

  12  0:00  SCV  
  13  0:13  SCV  
  14  0:18  Supply Depot  
  14  0:25  SCV  
  15  0:29  Refinery  
  15  0:39  SCV  
  16  0:47  Barracks  
  16  0:52  SCV  
  17  1:04  SCV  
  18  1:16  SCV  
  19  1:34  Marine  
  19  1:36  Supply Depot, Orbital Command  
  19  1:38  Factory  
  20  1:49  Barracks  
  20  1:52  Marine  
  21  2:02  SCV  
  21  2:05  Refinery  
  22  2:10  Marine  
  22  2:14  SCV  
  24  2:20  Supply Depot  
  24  2:24  Factory Tech Lab  
  24  2:26  SCV  
  24  2:27  Marine  
  26  2:35  Marine  
  30  2:44  Siege Tank, SCV  
  30  2:47  Marine  
  32  2:53  Marine  
  32  2:55  Supply Depot  
  33  2:58  SCV  
  33  3:05  Marine  
  35  3:11  Marine, SCV  
  36  3:16  Siege Tank  
  39  3:23  Marine, SCV  
  41  3:29  Marine  
  41  3:30  Supply Depot  
  42  3:39  Starport  
  42  3:41  Barracks Tech Lab  
  42  3:47  Barracks Tech Lab  
  42  3:50  SCV  
  43  4:01  Stimpack  
  43  4:08  SCV  
  44  4:14  Supply Depot  
  44  4:17  Medivac  
  46  4:38  Combat Shield  
  46  4:43  Marine, Marauder  
  49  4:46  Barracks  
  49  4:47  Medivac  
  49  4:51  Command Center  
  51  5:01  Marauder  
  51  5:04  Marine  
  54  5:12  Supply Depot  
  54  5:22  Engineering Bay, Marine  
  54  5:23  Marauder  
  57  5:33  Barracks Reactor  
  57  5:40  Marauder  
  59  5:43  Marine  
  59  5:48  Terran Infantry Armor Level 1  
  60  5:50  Hellion  
  60  5:54  Supply Depot  
  61  6:01  Marine  
  61  6:02  Marauder  
  61  6:03  SCV  
  66  6:04  SCV  
  66  6:11  Hellion  
  66  6:15  SCV  
  66  6:16  SCV  
  70  6:19  Marauder  
  70  6:24  Marauder  
  74  6:28  SCV  
  74  6:31  SCV  
  76  6:40  SCV  
  76  6:41  Marauder  
  76  6:43  SCV  
  76  6:45  Concussive Shells  
  76  6:46  Marauder  
  82  6:51  Supply Depot  
  82  6:52  SCV  
  83  6:55  SCV  
  84  7:02  Engineering Bay, Marauder  
  84  7:04  SCV  
  84  7:07  Marauder, SCV  
  90  7:16  SCV  
  90  7:18  Supply Depot  
  90  7:19  SCV  
  92  7:24  Marauder  
  92  7:26  Missile Turret  
  92  7:27  Terran Infantry Weapons Level 1  
  92  7:28  SCV  
  95  7:30  Missile Turret  
  95  7:31  SCV  
  95  7:38  Marauder  
  95  7:40  SCV  
  95  7:43  Supply Depot  
  98  7:44  Orbital Command  
  98  7:46  Marauder  
  98  7:50  Hellion  
  102  8:02  Barracks, Starport Reactor  
  102  8:05  Marine  
  102  8:11  Marine, Supply Depot, Hellion  
  105  8:27  Armory  
  105  8:33  Hellion  
  107  8:36  Supply Depot  
  107  8:38  Medivac  
  109  8:47  Refinery  
  109  8:52  Medivac  
  109  8:54  Marine, Armory, Hellion  
  114  8:56  Marine  
  114  9:02  Command Center, Supply Depot  
  115  9:15  Hellion, Terran Vehicle Weapons Level 1  
  117  9:22  Viking  
  119  9:28  Viking  
  121  9:37  Hellion, Marauder  
  125  9:41  Terran Vehicle And Ship Armor Level 1  
  125  9:42  Supply Depot  
  125  9:44  Marauder  
  127  9:49  Terran Infantry Weapons Level 2  
  127  9:52  Viking  
  128  9:58  Viking  
  130  10:02  Infernal Pre-Igniter  
  130  10:09  Missile Turret  
  130  10:15  SCV  
  130  10:16  Refinery, SCV  
  130  10:17  SCV  
  133  10:21  Viking  
  133  10:27  SCV  
  133  10:28  SCV  
  137  10:30  Refinery, Orbital Command  
  137  10:39  SCV  
  137  10:40  SCV  
  139  10:44  Viking  
  139  10:45  Missile Turret  
  139  10:48  Missile Turret  
  141  10:51  SCV  
  141  10:53  SCV  
  141  10:55  SCV  
  143  10:58  Supply Depot  
  143  11:03  SCV  
  144  11:05  SCV  
  144  11:08  Missile Turret, SCV  
  146  11:13  Terran Vehicle Weapons Level 2  
  146  11:16  SCV  
  146  11:18  SCV  
  148  11:20  SCV  
  149  11:25  Hi-Sec Auto Tracking  
  149  11:28  Factory, SCV  
  149  11:30  SCV  
  151  11:33  Starport, Command Center  
  151  11:36  Missile Turret  
  151  11:43  SCV  
  151  11:45  Supply Depot, SCV  
  151  11:46  SCV  
  154  11:55  Siege Tank  
  154  11:56  SCV  
  154  11:57  SCV  
  154  11:58  SCV  
  160  12:05  Neosteel Armor  
  160  12:08  SCV  
  161  12:09  Supply Depot  
  161  12:10  Starport Tech Lab  
  161  12:11  Widow Mine  
  161  12:12  Liberator  
  165  12:20  Liberator  
  168  12:24  SCV  
  168  12:27  Siege Tank  
  171  12:30  Raven  
  171  12:31  Refinery  
  171  12:34  Factory Tech Lab, Supply Depot  
  173  12:42  Barracks  
  173  12:49  Marine  
  173  12:50  Marine x2  
  176  12:51  Missile Turret  
  176  12:52  Marine, Siege Tank  
  176  12:53  SCV x4  
  176  12:55  Liberator  
  187  12:59  Widow Mine  
  187  13:02  Refinery  
  187  13:03  Liberator  
  187  13:05  Raven, SCV x3  
  196  13:06  Missile Turret  
  196  13:07  Missile Turret  
  197  13:17  Planetary Fortress  
  199  13:20  Marauder  
  199  13:22  Refinery  
  199  13:24  Marauder  
  199  13:28  Hellion  
  199  13:29  Hellion  
  169  13:37  Liberator  
  169  13:38  Liberator  
  169  13:40  Marine x4  
  177  13:41  Marauder  
  177  13:46  Marine  
  177  13:50  Siege Tank, Widow Mine  
  177  13:51  Command Center  
  181  13:57  Marine  
  182  14:04  Barracks Tech Lab  
  182  14:05  Marine x3  
  182  14:06  Marine  
  179  14:11  Viking, Hellion  
  183  14:22  Cyclone, Raven  
  188  14:26  Missile Turret  
  188  14:29  Missile Turret  
  188  14:32  Siege Tank  
  191  14:51  Missile Turret  
  191  14:54  Siege Tank  
  194  15:03  Liberator  
  194  15:04  Liberator  
  194  15:05  Hellion  
  194  15:06  Marine  
  187  15:07  Marine x2  
  187  15:08  Liberator  
  187  15:11  Marine x2  
  187  15:12  Marine  
  183  15:15  Planetary Fortress  
  183  15:16  Refinery  
  183  15:17  Ghost Academy  
  183  15:19  Missile Turret  
  180  15:22  Missile Turret  
  180  15:24  Marine  
  180  15:25  Marine  
  180  15:26  Missile Turret, Hellion, Marauder, Widow Mine  
  188  15:32  Refinery  
  188  15:34  Command Center  
  187  15:42  Marine x2  
  189  15:43  Marine x2  
  189  15:46  Medivac  
  189  15:47  Widow Mine  
  189  15:48  Hellion  
  189  15:49  Ghost  
Tags
 
Add a new tag
Caveats
  • Supply blocks, unpowered buildings, or Contaminate may cause inaccurate times.
  • Supply counts are checked every 10 seconds.